 Dungeon Crawl Stone Soup version 0.17-a0-1691-g18a3847 (webtiles) character file.

414 one1010 the Insei (level 6, -1/32 HPs)
             Began as a Vine Stalker Monk on Aug 21, 2015.
             Slain by Crazy Yiuf
             ... wielding a +4 quarterstaff of chaos
              (4 damage)
             ... on level 3 of the Dungeon.
             The game lasted 00:18:32 (2123 turns).

one1010 the Insei (Vine Stalker Monk)               Turns: 2123, Time: 00:18:35

Health: -1/32      AC:  3    Str: 14    XL:     6   Next: 91%
Magic:  0/7        EV: 14    Int: 10    God:
Gold:   149        SH:  0    Dex: 18    Spells: 0 memorised, 5 levels left

rFire  . . .     SeeInvis .       - Unarmed
rCold  . . .     Clarity  .     a - +0 robe
rNeg   . . .     SustAt   .     (no shield)
rPois  .         Gourm    .     k - +0 helmet
rElec  .         Spirit   +     (no cloak)
rCorr  .         Warding  .     (no gloves)
rMut   .         Stasis   .     (no boots)
MR     .....                    (no amulet)
Stlth  +++.......               (no ring)
                                (no ring)

@: not resistant to hostile enchantments, fairly stealthy
A: fangs 2, regeneration 2, magic shield, antimagic bite, no device heal 3, rot
immunity
a: no special abilities


You were on level 3 of the Dungeon.
You were not hungry.

You visited 1 branch of the dungeon, and saw 3 of its levels.

You collected 149 gold pieces.

Inventory:

Armour
 a - a +0 robe (worn)
 k - a +0 helmet (worn)
Scrolls
 e - a scroll of identify {unknown}
 f - a scroll of amnesia {unknown}
 h - a scroll of random uselessness {unknown}
 m - a scroll of remove curse
 o - a scroll of immolation {unknown}
 q - a scroll of noise {unknown}
Potions
 c - 2 potions of cancellation {unknown}
 d - a potion of heal wounds {unknown}
 j - a potion of lignification {unknown}
 l - a potion of curing
Comestibles
 b - 5 bread rations
 g - a slice of pizza
 i - a beef jerky
 n - 4 fruits
 p - 5 chunks of flesh
 r - a meat ration


   Skills:
 + Level 3.5 Fighting
 + Level 3.5 Dodging
 + Level 4.2 Stealth
 * Level 6.3 Unarmed Combat


You had 5 spell levels left.
You didn't know any spells.

Dungeon Overview and Level Annotations

Branches:
Dungeon (3/15)

Altars:
Elyvilon

Annotations:
D:3 Crazy Yiuf


Innate Abilities, Weirdness & Mutations

You have extremely sharp teeth.
You heal very quickly.
When hurt, damage is shared between your health and your magic reserves.
Your bite disrupts and absorbs the magic of your enemies.
Potions and wands cannot restore your health.
You are immune to rotting.


Message History

You hit Crazy Yiuf. Your bite misses Crazy Yiuf.
Crazy Yiuf is moderately wounded.
Crazy Yiuf hits you with a quarterstaff of chaos!
Crazy Yiuf burns you.
You hit Crazy Yiuf but do no damage. You bite Crazy Yiuf. You drain his power.
You feel invigorated.
Crazy Yiuf is moderately wounded.
Crazy Yiuf closely misses you.
You barely miss Crazy Yiuf.
Crazy Yiuf is moderately wounded.
You hit Crazy Yiuf but do no damage.
Crazy Yiuf is moderately wounded.
Crazy Yiuf misses you.
You barely miss Crazy Yiuf.
Crazy Yiuf is moderately wounded.
Crazy Yiuf says, "Citrus!
Castle dark song."
Crazy Yiuf hits you with a quarterstaff of chaos!
* * * LOW HITPOINT WARNING * * *
Crazy Yiuf burns you.
You die...

##...## #.# ##....
##.....## ... #####
##.......# .# #
#.....#### #####
#.....# ####...)
#.....#
♣♣♣♣♣##....###
#.....# ####
♣♣♣.♣....######.
##....#
#...#♣..♣............
#....#
#..g@.♣♣♣♣......##...
###....# #)..#♣♣
♣♣....##..##
###......# ####
♣♣####..###
#...#.##.# #.....
#####.##.# ###.[...
####......####
#.>.....
.....#.#.<#..#.##
..........
####...#.#......> .
######....
...#.###....##.## ...
#....


You could see Crazy Yiuf.

Vanquished Creatures
  Sigmund (D:2)
  An orc wizard (D:3)
  Jessica (D:2)
  Terence (D:3)
  Natasha (D:3)
  Robin (D:2)
  6 adders
  A worm (D:2)
  A giant gecko (D:1)
  3 orcs (D:3)
  A ball python (D:2)
  11 bats
  10 giant cockroaches
  15 goblins
  10 hobgoblins
  7 kobolds
  A quokka (D:2)
  4 giant newts
  9 rats
85 creatures vanquished.

Notes
Turn   | Place    | Note
--------------------------------------------------------------
     0 | D:1      | one1010 the Vine Stalker Monk began the quest for the Orb.
     0 | D:1      | Reached XP level 1. HP: 11/11 MP: 2/2
   148 | D:1      | Reached XP level 2. HP: 16/16 MP: 3/3
   490 | D:1      | Reached XP level 3. HP: 16/19 MP: 4/4
   788 | D:2      | Noticed Sigmund
   806 | D:2      | Killed Sigmund
   806 | D:2      | Reached skill level 5 in Unarmed Combat
   806 | D:2      | Reached XP level 4. HP: 10/24 MP: 5/5
   806 | D:2      | Reached XP level 5. HP: 11/28 MP: 6/6
  1002 | D:2      | Gained mutation: You heal very quickly. [Vine Stalker growth]
  1002 | D:2      | Reached XP level 6. HP: 32/32 MP: 7/7
  1044 | D:2      | Noticed Robin
  1064 | D:2      | Killed Robin
  1141 | D:2      | Noticed Jessica
  1154 | D:2      | Killed Jessica
  1154 | D:2      | Reached skill level 6 in Unarmed Combat
  1836 | D:3      | Noticed Terence
  1850 | D:3      | Killed Terence
  1869 | D:3      | Found a white marble altar of Elyvilon.
  2015 | D:3      | Noticed Natasha
  2059 | D:3      | Killed Natasha
  2110 | D:3      | Noticed Crazy Yiuf
  2123 | D:3      | Slain by Crazy Yiuf

Vault maps used:
D:1:      scummos_arrival_simple_fountains, minmay_misc_feat_diagonals,
          serial_bayou_lagoon_b
D:2:      hangedman_decor_push, uniq_jessica, uniq_robin, uniq_sigmund
D:3:      old_standard_altar, uniq_natasha, uniq_crazy_yiuf_cottage,
          uniq_terence

Action                   |  1- 3 |  4- 6 || total
-------------------------+-------+-------++-------
Melee: Unarmed           |   101 |   156 ||   257
  Use: Scroll            |       |     1 ||     1
 Stab: Sleeping          |     7 |     8 ||    15
       Distracted        |       |     2 ||     2
  Eat: Chunk             |       |     4 ||     4
